 Dungeon Crawl Stone Soup version 0.21-a0-496-g696f58f (webtiles) character file.

48 NoRagrets the Ruffian (level 3, 0/30 HPs)
             Began as a Ghoul Gladiator on Nov 23, 2017.
             Slain by a gnoll
             ... wielding a +0 whip
              (3 damage)
             ... on level 2 of the Dungeon.
             The game lasted 00:01:13 (989 turns).

NoRagrets the Ruffian (Ghoul Gladiator)              Turns: 989, Time: 00:01:14

Health: 0/30       AC:  4    Str: 17    XL:     3   Next: 72%
Magic:  2/2        EV: 12    Int:  4    God:
Gold:   18         SH:  0    Dex: 10    Spells: 2/2 levels left

rFire    . . .     SeeInvis .     - Unarmed
rCold    + . .     Gourm    .   (no shield)
rNeg     + + +     Faith    .   a - +0 leather armour
rPois    ∞         Spirit   .   b - +0 helmet
rElec    .         Reflect  .   (no cloak)
rCorr    .         Harm     .   (no gloves)
MR       .....                  (no boots)
Stlth    +.........             (no amulet)
HPRegen  0.00/turn              (no ring)
MPRegen  0.08/turn              (no ring)

@: rotting
A: rotting body, claws 1, carnivore 3, cold resistance 1, negative energy
resistance 3, inhibited regeneration, torment resistance, unbreathing
a: no special abilities


You were on level 2 of the Dungeon.
You were not hungry.

You visited 1 branch of the dungeon, and saw 2 of its levels.

You collected 18 gold pieces.

Inventory:

Missiles
 c - 3 throwing nets (quivered)
Armour
 a - a +0 leather armour (worn)
 b - a +0 helmet (worn)
Scrolls
 e - a scroll of fog {unknown}
 g - a scroll of identify {unknown}
 i - 2 scrolls of fear {unknown}
 j - a scroll of amnesia {unknown}
 l - a scroll of enchant weapon {unknown}
Potions
 k - a potion of curing {unknown}
Comestibles
 d - a meat ration
 f - a chunk of flesh
 h - a royal jelly


   Skills:
 + Level 2.8 Fighting
 - Level 1.7 Throwing
 + Level 3.1 Dodging
 * Level 4.2 Unarmed Combat


You had 2 spell levels left.
You didn't know any spells.

Dungeon Overview and Level Annotations

Branches:
Dungeon (2/15)

Altars:


Innate Abilities, Weirdness & Mutations

Your body is rotting away.
You thrive on raw meat.
You are immune to poison.
You have sharp fingernails.
You are carnivorous and can eat meat at any time.
Your flesh is cold resistant. (rC+)
You are immune to negative energy. (rN+++)
You do not regenerate when monsters are visible.
You are immune to unholy pain and torment.
You can survive without breathing.


Message History

You are too injured to fight recklessly!
You are too injured to fight recklessly!
You are too injured to fight recklessly!
You are too injured to fight recklessly!
You are too injured to fight recklessly!
You are too injured to fight recklessly!
You are too injured to fight recklessly!
The gnoll barely misses you.
The gnoll hits you from afar with a spear.
The gnoll throws a throwing net.
The throwing net hits you.
You become entangled in the net!
Things that are here:
a throwing net; a scroll labeled BOCEAKK MIBO You struggle against the net.
The gnoll barely misses you.
You struggle against the net.
The gnoll barely misses you. The gnoll hits you with a club.
You struggle against the net.
The gnoll hits you with a club!
* * * LOW HITPOINT WARNING * * *
You shred the net and break free! The gnoll hits you with a whip.
You die...

## #.. .. ... ..##
#.# ..[###.# #..##.#
#.##.#####...
###..g.<....# .
#....g@.....# ...
##.#.g.......#
.....##..#g........#
............##.?.###
........###....#..#
#######.# ..#####.#
#.#.### .# #.#. .
#..


You could see 4 gnolls.

Vanquished Creatures
  A gnoll (D:1)
  2 oozes (D:1)
  A dart slug (D:2)
  3 leopard geckos (D:1)
  6 bats (D:1)
  2 goblins (D:1)
  2 hobgoblins (D:1)
  3 kobolds (D:1)
  A ball python (D:1)
  4 frilled lizards (D:1)
  3 rats (D:1)
  A plant (D:1)
29 creatures vanquished.

Notes
Turn   | Place    | Note
-------+----------+-------------------------------------------
     0 | D:1      | NoRagrets the Ghoul Gladiator began the quest for the Orb.
     0 | D:1      | Reached XP level 1. HP: 17/17 MP: 0/0
    89 | D:1      | Reached XP level 2. HP: 23/25 MP: 1/1
   592 | D:1      | Reached skill level 4 in Unarmed Combat
   592 | D:1      | Reached XP level 3. HP: 30/30 MP: 2/2
   989 | D:2      | Slain by a gnoll

Vault maps used:
D:1:      eino_arrival_water_cross, serial_bayou_lagoon_a

Skill      XL: |  1  2 |
---------------+-------+-----
Dodging        | 3 |  3.1
Unarmed Combat | 4 |  4.2
Fighting       | |  2.8
Throwing       | |  1.7

Action                   || total
-------------------------++-------
Melee: Unarmed           ||   112
       Punch             ||     2
  Eat: Chunk             ||     1
Armor: Leather armour    ||    34
Dodge: Dodged            ||    76

Table legend:
 A = Spawn XP
 B = Non-spawn XP
 C = Spawn XP percentage of total XP
 D = Spawn monster count
 E = Non-spawn monster count
 F = Spawn count percentage of total count
 G = Total turns spent on level
                    A         B        C        D         E        F      G
               +---------+---------+-------+---------+---------+-------+---------
         Total |       0 |      69 |   0.0 |       0 |      28 |   0.0 |   989
               +---------+---------+-------+---------+---------+-------+---------
           D:1 |       0 |      65 |   0.0 |       0 |      27 |   0.0 |   966
           D:2 |       0 |       4 |   0.0 |       0 |       1 |   0.0 |    23
               +---------+---------+-------+---------+---------+-------+---------
